PUB
LOUISVILLE REDBIRDS @ IRON CITY EDDIES
06/05/1972
 
TOP OF THE 1ST
Louisville Redbirds batting - Pitching for Iron City Eddies : RHP Jed Hembree
Pitching: RHP Jed Hembree
Batting: RHB Richard Fields 0-0: Foul Ball, location: 3FF
0-1: Ball
1-1: Ball
2-1: Ball
3-1: Foul Ball, location: 7LSF
3-2: Fly out, F3 (Popup, 3SF, EV 85.0 MPH)
Batting: LHB Lou Jensen 0-0: Ball
1-0: Ball
2-0: SINGLE (Groundball, 4MD, EV 105.6 MPH)
Batting: LHB Reggie Jackson 0-0: Ball
Lou Jensen steals 2nd base
1-0: Swinging Strike
1-1: Called Strike
1-2: Ball
2-2: Strikes out swinging
Batting: RHB Chet Small 0-0: Fly out, F9 (Flyball, 9, EV 93.8 MPH)
Top of the 1st over - 0 runs, 1 hit, 0 errors, 1 left on base; Louisville 0 - Iron City 0
BOTTOM OF THE 1ST
Iron City Eddies batting - Pitching for Louisville Redbirds : RHP James Jacobson
Pitching: RHP James Jacobson
Batting: LHB Vic Davalillo 0-0: Bunt missed!
0-1: Ground out 4-3 (Groundball, 4M, EV 104.4 MPH)
Batting: LHB Fernando Pérez 0-0: Reached via error on a dropped throw from 3B, E3 (Groundball, 56S, EV 72.5 MPH)
Batting: LHB Willie Stargell 0-0: Foul Ball, location: 5FF
0-1: Ball
Fernando Pérez steals 2nd base
1-1: Foul Ball, location: 2F
1-2: SINGLE (Groundball, 4MS, EV 68.8 MPH) (infield hit)
Fernando Pérez to third
Batting: RHB Dwaine Bullivant 0-0: Ball
1-0: Ball
2-0: Called Strike
2-1: Swinging Strike
2-2: Ball
3-2: Foul Ball, location: 2F
3-2: Fielders Choice at 2nd, 4-6 (Groundball, 34, EV 96.9 MPH)
Fernando Pérez scores
Batting: RHB Jason Wright 0-0: Called Strike
0-1: Hit by Pitch
Dwaine Bullivant to second
Batting: LHB Vada Pinson 0-0: Fly out, F9 (Flyball, 9LS, EV 91.9 MPH)
Bottom of the 1st over - 1 run, 1 hit, 1 error, 2 left on base; Louisville 0 - Iron City 1
TOP OF THE 2ND
Louisville Redbirds batting - Pitching for Iron City Eddies : RHP Jed Hembree
Batting: LHB Richie Hebner 0-0: Ball
1-0: Fly out, F8 (Flyball, 8LD, EV 108.8 MPH)
Batting: RHB Alan Sims 0-0: Called Strike
0-1: Ground out 6-3 (Groundball, 6M, EV 78.8 MPH)
Batting: RHB Neal Booth 0-0: Called Strike
0-1: Ground out 5-3 (Groundball, 56S, EV 82.5 MPH)
Top of the 2nd over - 0 runs, 0 hits, 0 errors, 0 left on base; Louisville 0 - Iron City 1
BOTTOM OF THE 2ND
Iron City Eddies batting - Pitching for Louisville Redbirds : RHP James Jacobson
Batting: LHB Jing-xiang Lok 0-0: Called Strike
0-1: Foul Ball, location: 23FF
0-2: Ball
1-2: Fly out, F7 (Line Drive, 78M, EV 95.6 MPH)
Batting: RHB Alex Díaz 0-0: Called Strike
0-1: Ball
1-1: Ball
2-1: Foul Ball, location: 9LMF
2-2: Ball
3-2: Base on Balls
Batting: RHB Jed Hembree 0-0: Ball
1-0: Ball
2-0: Ball
3-0: Called Strike
3-1: Called Strike
3-2: Base on Balls
Alex Díaz to second
Batting: LHB Vic Davalillo 0-0: Fielders Choice at 2nd, 6-4 (Groundball, 56, EV 105.0 MPH)
Alex Díaz to third
Batting: LHB Fernando Pérez 0-0: Ball
1-0: Foul Ball, location: 2F
1-1: Foul Ball, location: 2F
1-2: Fly out, F8 (Flyball, 8RXD, EV 89.4 MPH)
Bottom of the 2nd over - 0 runs, 0 hits, 0 errors, 2 left on base; Louisville 0 - Iron City 1
TOP OF THE 3RD
Louisville Redbirds batting - Pitching for Iron City Eddies : RHP Jed Hembree
Batting: RHB Pat Coleman 0-0: SOLO HOME RUN (Flyball, 9D, EV 95.0 MPH), Distance : 365 ft
Batting: RHB James Jacobson 0-0: SINGLE (Groundball, 34D, EV 106.9 MPH)
Batting: RHB Richard Fields 0-0: Grounds into double play, 4-6-3 (Groundball, 4, EV 80.6 MPH)
Batting: LHB Lou Jensen 0-0: Ball
1-0: Called Strike
1-1: Swinging Strike
1-2: Strikes out looking
Top of the 3rd over - 1 run, 2 hits, 0 errors, 0 left on base; Louisville 1 - Iron City 1
BOTTOM OF THE 3RD
Iron City Eddies batting - Pitching for Louisville Redbirds : RHP James Jacobson
Batting: LHB Willie Stargell 0-0: Ball
1-0: Swinging Strike
1-1: Swinging Strike
1-2: Ball
2-2: Foul Ball, location: 5DF
2-2: Strikes out swinging
Batting: RHB Dwaine Bullivant 0-0: Ball
1-0: Foul Ball, location: 3FF
1-1: Swinging Strike
1-2: SOLO HOME RUN (Flyball, 7LD, EV 93.1 MPH), Distance : 360 ft
Batting: RHB Jason Wright 0-0: Called Strike
0-1: Foul Ball, location: 9LSF
0-2: Ball
1-2: Ball
2-2: Ground out 6-3 (Groundball, 6, EV 83.8 MPH)
Batting: LHB Vada Pinson 0-0: Called Strike
0-1: Fly out, F7 (Flyball, 7LS, EV 80.6 MPH)
Bottom of the 3rd over - 1 run, 1 hit, 0 errors, 0 left on base; Louisville 1 - Iron City 2
TOP OF THE 4TH
Louisville Redbirds batting - Pitching for Iron City Eddies : RHP Jed Hembree
Batting: LHB Reggie Jackson 0-0: Ball
1-0: Ball
2-0: Called Strike
2-1: Ball
3-1: Called Strike
3-2: Foul Ball, location: 7LDF
3-2: Foul Ball, location: 2F
3-2: Base on Balls
Batting: RHB Chet Small 0-0: Called Strike
0-1: Foul Ball, location: 2F
0-2: Ball
1-2: Fly out, F8 (Flyball, 8RXD, EV 100.0 MPH)
Batting: LHB Richie Hebner Pickoff Throw to First - Out! 1-3
0-0: Called Strike
0-1: Foul Ball, location: 9LSF
0-2: Ball
1-2: Strikes out swinging
Top of the 4th over - 0 runs, 0 hits, 0 errors, 0 left on base; Louisville 1 - Iron City 2
BOTTOM OF THE 4TH
Iron City Eddies batting - Pitching for Louisville Redbirds : RHP James Jacobson
Batting: LHB Jing-xiang Lok 0-0: Ball
1-0: Ball
2-0: Called Strike
2-1: Swinging Strike
2-2: Foul Ball, location: 2F
2-2: Foul Ball, location: 2F
2-2: Ball
3-2: Strikes out looking
Batting: RHB Alex Díaz 0-0: Ball
1-0: Foul Ball, location: 9LMF
1-1: Ball
2-1: Swinging Strike
2-2: SOLO HOME RUN (Flyball, 7D, EV 99.4 MPH), Distance : 362 ft
Batting: RHB Jed Hembree 0-0: Ball
1-0: Called Strike
1-1: Called Strike
1-2: Strikes out swinging
Batting: LHB Vic Davalillo 0-0: Ball
1-0: Ball
2-0: Called Strike
2-1: Foul Ball, location: 7LDF
2-2: Ball
3-2: Fly out, F7 (Flyball, 7, EV 87.5 MPH)
Bottom of the 4th over - 1 run, 1 hit, 0 errors, 0 left on base; Louisville 1 - Iron City 3
TOP OF THE 5TH
Louisville Redbirds batting - Pitching for Iron City Eddies : RHP Jed Hembree
Batting: RHB Alan Sims 0-0: Ball
1-0: Ground out 6-3 (Groundball, 6, EV 82.5 MPH)
Batting: RHB Neal Booth 0-0: Ball
1-0: Swinging Strike
1-1: Fly out, F8 (Flyball, 8RM, EV 95.0 MPH)
Batting: RHB Pat Coleman 0-0: Foul Ball, location: 2F
0-1: Swinging Strike
0-2: Hit by Pitch
Batting: RHB James Jacobson 0-0: Ball
1-0: Foul Ball, location: 2F
1-1: Called Strike
1-2: SINGLE (Flyball, 4MD, EV 92.5 MPH)
Pat Coleman to second
Batting: RHB Richard Fields 0-0: Ball
1-0: Called Strike
1-1: Ground out 5-3 (Groundball, 56S, EV 81.9 MPH)
Top of the 5th over - 0 runs, 1 hit, 0 errors, 2 left on base; Louisville 1 - Iron City 3
BOTTOM OF THE 5TH
Iron City Eddies batting - Pitching for Louisville Redbirds : RHP James Jacobson
Batting: LHB Fernando Pérez 0-0: Foul Ball, location: 9LMF
0-1: Ground out 4-3 (Groundball, 4, EV 101.3 MPH)
Batting: LHB Willie Stargell 0-0: Ball
1-0: Ball
2-0: Ground out 4-3 (Groundball, 4, EV 76.9 MPH)
Batting: RHB Dwaine Bullivant 0-0: Foul Ball, location: 2F
0-1: Ball
1-1: Fly out, F8 (Flyball, 8LM, EV 98.1 MPH)
Bottom of the 5th over - 0 runs, 0 hits, 0 errors, 0 left on base; Louisville 1 - Iron City 3
TOP OF THE 6TH
Louisville Redbirds batting - Pitching for Iron City Eddies : RHP Jed Hembree
Batting: LHB Lou Jensen 0-0: Ball
1-0: Called Strike
1-1: Ball
2-1: Foul Ball, location: 2F
2-2: Foul Ball, location: 7LSF
2-2: Strikes out looking
Batting: LHB Reggie Jackson 0-0: Ball
1-0: Ball
2-0: Called Strike
2-1: Ball
3-1: Base on Balls
Batting: RHB Chet Small 0-0: SINGLE (Groundball, 34D, EV 98.8 MPH)
Reggie Jackson to second
Runner from 2nd tries for 3rd, SAFE, no throw by RF
Batting: LHB Richie Hebner 0-0: Swinging Strike
0-1: Ball
1-1: Fly out, F4 (Line Drive, 4, EV 65.0 MPH)
Batting: RHB Alan Sims 0-0: Called Strike
0-1: Ball
1-1: Fielders Choice at 2nd, U4 (Groundball, 4M, EV 109.4 MPH)
Top of the 6th over - 0 runs, 1 hit, 0 errors, 2 left on base; Louisville 1 - Iron City 3
BOTTOM OF THE 6TH
Iron City Eddies batting - Pitching for Louisville Redbirds : RHP James Jacobson
Batting: RHB Jason Wright 0-0: Ball
1-0: Ball
2-0: Foul Ball, location: 9LSF
2-1: Foul Ball, location: 7LMF
2-2: Ground out 5-3 (Groundball, 56S, EV 76.3 MPH)
Batting: LHB Vada Pinson 0-0: Ball
1-0: Called Strike
1-1: Ground out 4-3 (Groundball, 4, EV 106.9 MPH)
Batting: LHB Jing-xiang Lok 0-0: Called Strike
0-1: Called Strike
0-2: SINGLE (Flyball, 34D, EV 93.1 MPH)
Batting: RHB Alex Díaz 0-0: Called Strike
0-1: Swinging Strike
0-2: Foul Ball, location: 23FF
0-2: Strikes out swinging
Bottom of the 6th over - 0 runs, 1 hit, 0 errors, 1 left on base; Louisville 1 - Iron City 3
TOP OF THE 7TH
Louisville Redbirds batting - Pitching for Iron City Eddies : RHP Jed Hembree
Batting: RHB Neal Booth 0-0: Ball
1-0: Called Strike
1-1: Fly out, F9 (Flyball, 89M, EV 88.1 MPH)
Batting: RHB Pat Coleman 0-0: Swinging Strike
0-1: Ground out 5-3 (Groundball, 56, EV 94.4 MPH)
Pinch Hitting: LHB José Zavala 0-0: Called Strike
0-1: Ball
1-1: Called Strike
1-2: Foul Ball, location: 2F
1-2: Strikes out swinging, 2-3 out at first.
Top of the 7th over - 0 runs, 0 hits, 0 errors, 0 left on base; Louisville 1 - Iron City 3
BOTTOM OF THE 7TH
Iron City Eddies batting - Pitching for Louisville Redbirds : RHP James Jacobson
Pitching: LHP Gary Waltone
Batting: RHB Jed Hembree 0-0: Fly out, F7 (Flyball, 7D, EV 86.9 MPH)
Batting: LHB Vic Davalillo 0-0: SOLO HOME RUN (Flyball, 78XD, EV 100.6 MPH), Distance : 398 ft
Batting: LHB Fernando Pérez 0-0: Ball
1-0: Ball
2-0: SINGLE (Groundball, 2L, EV 71.3 MPH) (infield hit)
Batting: LHB Willie Stargell 0-0: Called Strike
0-1: Fly out, F9 (Flyball, 89M, EV 89.4 MPH)
Batting: RHB Dwaine Bullivant 0-0: Foul Ball, location: 25FF
0-1: Swinging Strike
0-2: SINGLE (Groundball, 6M, EV 78.8 MPH) (infield hit)
Fernando Pérez to second
Batting: RHB Jason Wright 0-0: Ball
1-0: Foul Ball, location: 2F
1-1: Ball
2-1: Ball
3-1: Base on Balls
Fernando Pérez to third
Dwaine Bullivant to second
Pinch Hitting: RHB Mike Ellis 0-0: Ball
1-0: Ball
2-0: Called Strike
2-1: Foul Ball, location: 9LDF
2-2: Ball
3-2: GRAND SLAM HOME RUN (Flyball, 78XD, EV 101.9 MPH), Distance : 412 ft
Pitching: RHP Curt Baker
Batting: LHB Jing-xiang Lok 0-0: Ball
1-0: Foul Ball, location: 2LF
1-1: Called Strike
1-2: Ground out 3-1 (Groundball, 34, EV 83.1 MPH)
Bottom of the 7th over - 5 runs, 4 hits, 0 errors, 0 left on base; Louisville 1 - Iron City 8
TOP OF THE 8TH
Louisville Redbirds batting - Pitching for Iron City Eddies : RHP Jed Hembree
Now in RF: Cal Johnstone
Batting: RHB Richard Fields 0-0: Called Strike
0-1: Swinging Strike
0-2: Ball
1-2: Strikes out swinging
Batting: LHB Lou Jensen 0-0: SINGLE (Line Drive, 78S, EV 103.1 MPH)
Batting: LHB Reggie Jackson 0-0: Fielders Choice at 2nd, 6-4 (Groundball, 6, EV 88.8 MPH)
Pitching: RHP Claudio Torres
Batting: RHB Chet Small 0-0: Called Strike
0-1: Swinging Strike
0-2: Ball
1-2: Hit by Pitch
Reggie Jackson to second
Batting: LHB Richie Hebner 0-0: Ball
1-0: Ball
2-0: Foul Ball, location: 5SF
2-1: Ball
3-1: Base on Balls
Reggie Jackson to third
Chet Small to second
Batting: RHB Alan Sims 0-0: Foul Ball, location: 23F
0-1: Called Strike
0-2: Ball
1-2: Strikes out swinging
Top of the 8th over - 0 runs, 1 hit, 0 errors, 3 left on base; Louisville 1 - Iron City 8
BOTTOM OF THE 8TH
Iron City Eddies batting - Pitching for Louisville Redbirds : RHP Curt Baker
Batting: RHB Alex Díaz 0-0: DOUBLE (Line Drive, 78M, EV 110.0 MPH)
Pinch Hitting: SHB Murray McCauley 0-0: Swinging Strike
0-1: Foul Ball, location: 2F
0-2: Ball
1-2: Ball
2-2: Strikes out swinging
Batting: LHB Vic Davalillo 0-0: Called Strike
0-1: Ground out U3 (Groundball, 34, EV 86.9 MPH)
Alex Díaz to third
Batting: LHB Fernando Pérez 0-0: Foul Ball, location: 3F
0-1: Ball
1-1: Ball
2-1: Ball
3-1: Foul Ball, location: 9LSF
3-2: Base on Balls
Batting: LHB Willie Stargell 0-0: Ball
1-0: Ball
2-0: 3-RUN HOME RUN (Flyball, 9LD, EV 98.1 MPH), Distance : 357 ft
Batting: RHB Dwaine Bullivant 0-0: Ball
1-0: Ball
2-0: Ground out 5-3 (Groundball, 5L, EV 81.3 MPH)
Bottom of the 8th over - 3 runs, 2 hits, 0 errors, 0 left on base; Louisville 1 - Iron City 11
TOP OF THE 9TH
Louisville Redbirds batting - Pitching for Iron City Eddies : RHP Claudio Torres
Pitching: RHP Thomas Watts
Batting: RHB Neal Booth 0-0: Ball
1-0: Called Strike
1-1: Foul Ball, location: 23F
1-2: Strikes out swinging
Batting: RHB Pat Coleman 0-0: Ball
1-0: Called Strike
1-1: Foul Ball, location: 9LMF
1-2: Strikes out looking
Pinch Hitting: RHB Carlton Fisk 0-0: Called Strike
0-1: Swinging Strike
0-2: Foul Ball, location: 9LDF
0-2: Strikes out swinging
Top of the 9th over - 0 runs, 0 hits, 0 errors, 0 left on base; Louisville 1 - Iron City 11
Monday, March 25th , 2024 - OOTP Baseball 24.8 Build 75